 Dungeon Crawl Stone Soup version 0.17.1-2-g5865329 (webtiles) character file.

5159 Goblin1989 the Spear-Bearer (level 10, 0/80 HPs)
             Began as a Minotaur Gladiator on Feb 11, 2016.
             Was an Elder of Fedhas.
             Killed from afar by an electric eel (2 damage)
             ... with a bolt of electricity
             ... on level 9 of the Dungeon.
             The game lasted 00:27:01 (8521 turns).

Goblin1989 the Spear-Bearer (Minotaur Gladiator)    Turns: 8521, Time: 00:27:01

Health: 0/80       AC: 17    Str: 25    XL:     10   Next: 33%
Magic:  13/13      EV:  8    Int:  5    God:    Fedhas [****..]
Gold:   536        SH:  0    Dex: 14    Spells: 0 memorised, 9 levels left

rFire  . . .     SeeInvis .     a - +0 trident
rCold  . . .     Clarity  .     L - +0 plate armour
rNeg   . . .     SustAt   .     (no shield)
rPois  .         Gourm    .     c - +0 hat
rElec  .         Spirit   .     (no cloak)
rCorr  .         Warding  .     (no gloves)
rMut   +         Stasis   .     (no boots)
MR     .....                    M - amulet of resist mutation
Stlth  ..........               (no ring)
                                i - +4 ring of protection

@: mighty, not resistant to hostile enchantments, extremely unstealthy
A: retaliatory headbutt, horns 2
a: Evolution, Sunlight, Growth, Reproduction, Renounce Religion


You were on level 9 of the Dungeon.
You worshipped Fedhas.
Fedhas was greatly pleased with you.
You were not hungry.

You visited 1 branch of the dungeon, and saw 9 of its levels.
You also visited: Ossuary.

You collected 536 gold pieces.

Inventory:

Hand Weapons
 a - a +0 trident (weapon)
 r - a +0 scythe
 P - a +0 hand crossbow
Missiles
 d - 2 throwing nets
 t - 48 poisoned needles
 J - 2 javelins (quivered)
 K - 35 bolts
Armour
 c - a +0 hat (worn)
 I - a troll hide
 L - a +0 plate armour (worn)
Jewellery
 i - a +4 ring of protection (left hand)
 M - an amulet of resist mutation (around neck)
 O - an uncursed ring of protection from magic {unknown}
Wands
 u - a wand of magic darts (4)
 x - a wand of lightning (0)
 F - a wand of polymorph (11)
 N - a wand of random effects (21)
Scrolls
 f - a scroll of immolation {unknown}
 g - 5 scrolls of teleportation {unknown}
 j - 4 scrolls of random uselessness {unknown}
 k - 9 scrolls of identify {unknown}
 l - 3 scrolls of remove curse {unknown}
 m - 3 scrolls of fog {unknown}
 s - 5 scrolls of enchant weapon {unknown}
 v - a scroll of amnesia {unknown}
 w - 2 scrolls of magic mapping {unknown}
 y - 2 scrolls of blinking {unknown}
 A - a scroll of enchant armour {unknown}
 B - 2 scrolls of recharging {unknown}
Potions
 b - 3 potions of curing {unknown}
 h - 6 potions of heal wounds {unknown}
 n - a potion of flight {unknown}
 o - 2 potions of invisibility {unknown}
 p - 6 potions of might
 q - a potion of magic {unknown}
 z - a potion of cancellation {unknown}
 C - a potion of mutation {unknown}
 D - a potion of ambrosia {unknown}
 E - a potion of haste {unknown}
Comestibles
 e - 2 bread rations
 G - 15 fruits
 H - a beef jerky


   Skills:
 + Level 4.4 Fighting
 * Level 14.5 Polearms
 - Level 2.0 Throwing
 + Level 7.1 Armour
 - Level 3.2 Dodging
 - Level 5.7 Invocations


You had 9 spell levels left.
You didn't know any spells.

Dungeon Overview and Level Annotations

Branches:
Dungeon (9/15)             Temple (0/1) D:5
   Lair: D:8-11         Orc: D:9-12

Altars:
Ashenzari
Elyvilon
Fedhas
Kikubaaqudgha
Makhleb
Nemelex Xobeh
Qazlal
Ru
Trog
Zin

Annotations:
D:9 2 exclusions


Innate Abilities, Weirdness & Mutations

You reflexively headbutt those who attack you in melee.
You have a pair of horns on your head.


Message History

The electric eel is heavily wounded.
The electric eel shoots out a bolt of lightning at you!
The bolt of electricity hits you!
* * * LOW HITPOINT WARNING * * *
The electric eel shoots out a bolt of lightning at you!
The bolt of electricity hits you!
* * * LOW HITPOINT WARNING * * *
Read which item? (? for menu, Esc to quit)
Okay, then.
Drink which item? (? for menu, Esc to quit)
It was a potion of might.
You feel very mighty all of a sudden.
The electric eel shoots out a bolt of lightning at you!
The bolt of electricity hits the electric eel.
The electric eel completely resists.
The bolt of electricity hits you!
* * * LOW HITPOINT WARNING * * *
The electric eel shoots out a bolt of lightning at you!
The bolt of electricity hits you!
You die...
Fedhas appreciates your contribution to the ecosystem.

......# ≈≈≈≈≈≈≈≈≈≈≈#
......# ≈≈≈≈≈≈≈≈≈≈≈#
......# ≈≈≈≈≈;≈≈≈≈≈#
....<.# ≈≈≈≈≈≈≈≈≈≈≈####
......# ≈≈≈≈≈≈≈≈≈≈≈≈≈≈≈
#.....# #..≈;;≈≈≈≈≈≈≈
#.....# #............
#.....# #............
#.....# #....@.......
#.....######.....†......
........................
........................
..........÷............$
..........(.(........?..
........##(###..........
........#.)(.#.......###
........#....#.......#


You could see 3 electric eels.

Vanquished Creatures
  A troll (D:8)
  A hippogriff (D:8)
  A black bear (D:8)
  2 water moccasins
  5 orc warriors (D:8)
  An ice beast (D:8)
  7 sky beasts
  4 ogres
  A phantom (D:8)
  A big kobold (D:9)
  2 giant frogs
  A wyvern skeleton (D:8)
  2 scorpions
  4 crimson imps
  A hound (D:6)
  A centaur skeleton (D:8)
  6 orc wizards
  2 orc priests (D:8)
  A giant frog skeleton (D:5)
  2 giant frog zombies (D:8)
  3 worker ants
  2 iguanas
  A killer bee zombie (D:5)
  A big kobold zombie (Ossuary)
  3 mummies (Ossuary)
  A hound skeleton (D:8)
  2 worker ant zombies (D:8)
  Robin (D:4)
  10 adders
  2 gnolls (D:8)
  3 shadow imps
  3 adder zombies (Ossuary)
  2 adder skeletons
  3 worms
  3 giant geckos
  16 orcs
  5 giant cockroaches
  A gnoll zombie (Ossuary)
  10 goblins
  11 hobgoblins
  4 quokkas
  2 ball pythons
  6 bats
  2 giant gecko skeletons
  2 giant newts
  4 goblin zombies (Ossuary)
  A hobgoblin zombie (Ossuary)
  5 jackals (D:1)
  A jackal skeleton (D:8)
  14 kobolds
  3 kobold zombies (Ossuary)
  3 quokka zombies
  9 rats
  3 rat zombies (Ossuary)
188 creatures vanquished.

Vanquished Creatures (collateral kills)
  Erolcha (D:9)
  The ghost of BobbyTwoHands the Basher, a novice DsNe of Kikubaaqudgha (D:9)
  Pikel (D:5)
  Sigmund (D:5)
  An ice beast (D:6)
  A centaur (D:8)
  Blork the orc (D:4)
  A wyvern skeleton (D:8)
  An iguana (D:4)
  3 orc priests (D:4)
  4 orc wizards
  A gnoll (D:8)
  7 orcs
  4 goblins (D:4)
  A hobgoblin (D:4)
  A giant gecko skeleton (D:6)
30 creatures vanquished.

Vanquished Creatures (others)
  A slave (D:6)
  A phantom (D:7)
  A sky beast (D:7)
  2 giant frogs
  A giant frog zombie (D:7)
  A shadow imp (D:6)
  4 jackals (D:6)
  3 wandering mushrooms
  158 toadstools
172 creatures vanquished.

Grand Total: 390 creatures vanquished

Notes
Turn   | Place    | Note
--------------------------------------------------------------
     0 | D:1      | Goblin1989 the Minotaur Gladiator began the quest for the Orb.
     0 | D:1      | Reached XP level 1. HP: 18/18 MP: 0/0
   118 | D:1      | Reached skill level 4 in Polearms
   235 | D:1      | Reached XP level 2. HP: 22/25 MP: 1/1
   597 | D:1      | Reached skill level 5 in Polearms
   692 | D:2      | Reached XP level 3. HP: 21/30 MP: 2/2
   830 | D:2      | Found a sacrificial altar of Ru.
   837 | D:2      | Found an ancient bone altar of Kikubaaqudgha.
   841 | D:2      | Found a shattered altar of Ashenzari.
   841 | D:2      | Found a blossoming altar of Fedhas.
   882 | D:2      | Became a worshipper of Fedhas Madash
  1383 | D:2      | Found a bloodstained altar of Trog.
  1532 | D:3      | Reached skill level 6 in Polearms
  1532 | D:3      | Reached XP level 4. HP: 34/37 MP: 3/3
  1535 | D:3      | Reached * piety under Fedhas
  1623 | D:3      | Found a burning altar of Makhleb.
  2024 | D:4      | Reached skill level 7 in Polearms
  2024 | D:4      | Reached XP level 5. HP: 21/42 MP: 4/4
  2527 | D:4      | Found a stormy altar of Qazlal.
  2575 | D:4      | Noticed Blork the orc
  2587 | D:4      | Killed Blork the orc
  2587 | D:4      | Reached skill level 8 in Polearms
  2587 | D:4      | Reached XP level 6. HP: 35/50 MP: 5/5
  2797 | D:4      | Noticed Robin
  2823 | D:4      | Killed Robin
  2824 | D:4      | Reached ** piety under Fedhas
  2952 | D:5      | Entered Level 5 of the Dungeon
  2968 | D:5      | Noticed Sigmund
  2983 | D:5      | Killed Sigmund
  2983 | D:5      | Reached skill level 9 in Polearms
  2983 | D:5      | Reached skill level 1 in Invocations
  3069 | D:5      | Reached XP level 7. HP: 13/56 MP: 5/7
  3386 | D:5      | Reached skill level 10 in Polearms
  3741 | D:5      | Found a staircase to the Ecumenical Temple.
  3885 | D:5      | Noticed a water moccasin
  3896 | D:5      | Killed a water moccasin
  3896 | D:5      | Reached XP level 8. HP: 37/62 MP: 9/9
  4201 | D:5      | Reached skill level 11 in Polearms
  4360 | D:6      | Noticed Pikel
  4366 | D:5      | Killed Pikel
  4381 | D:6      | Found a sand-covered staircase.
  4386 | Ossuary  | Entered an ossuary
  4789 | D:6      | Reached skill level 12 in Polearms
  5086 | D:6      | Found a sparkling altar of Nemelex Xobeh.
  5655 | D:7      | Reached XP level 9. HP: 62/68 MP: 11/11
  5679 | D:7      | Reached skill level 5 in Invocations
  6427 | D:8      | Reached skill level 5 in Armour
  6464 | D:8      | Reached *** piety under Fedhas
  6485 | D:8      | Reached skill level 13 in Polearms
  7600 | D:6      | Reached XP level 10. HP: 68/77 MP: 13/13
  7809 | D:8      | Reached skill level 14 in Polearms
  7982 | D:8      | Found a blossoming altar of Fedhas.
  8152 | D:9      | Found a white marble altar of Elyvilon.
  8237 | D:9      | Noticed BobbyTwoHands's ghost (novice DsNe)
  8253 | D:9      | Killed BobbyTwoHands's ghost
  8282 | D:9      | Noticed an Executioner
  8283 | D:9      | Found a burning altar of Makhleb.
  8286 | D:9      | Found a glowing silver altar of Zin.
  8286 | D:9      | Noticed an angel
  8286 | D:9      | Noticed Erolcha
  8291 | D:9      | Paralysed by Erolcha for 7 turns
  8298 | D:9      | Killed Erolcha
  8490 | D:9      | Reached **** piety under Fedhas
  8520 | D:9      | HP: 2/80 [electric eel/bolt of electricity (8)]
  8521 | D:9      | Killed from afar by an electric eel

Action                   |  1- 3 |  4- 6 |  7- 9 | 10-12 || total
-------------------------+-------+-------+-------+-------++-------
Melee: Trident           |   129 |    83 |   481 |    92 ||   785
Throw: Javelin           |       |       |     2 |     1 ||     3
       Throwing net      |       |       |     2 |       ||     2
Invok: Evolution         |       |     2 |     2 |       ||     4
Evoke: Wand              |       |       |     3 |       ||     3
  Use: Potion            |       |       |       |     1 ||     1
 Stab: Sleeping          |       |     1 |       |       ||     1
       Confused          |       |     1 |     3 |       ||     4
  Eat: Chunk             |     2 |     4 |     4 |       ||    10
       Royal jelly       |       |       |     1 |       ||     1
       Bread ration      |       |       |     2 |     1 ||     3
